[Event "Early-Titled-Tuesday-Blitz-June-18-2024"]
[Site "Chess.com"]
[Date "2024.06.18"]
[Round "4"]
[White "Sanan_Sjugirov"]
[Black "Moon_stone123"]
[Result "1-0"]
[WhiteElo "2947"]
[BlackElo "2620"]
[TimeControl "180+1"]
[EndTime "8:41:38 PDT"]
[Termination "Sanan_Sjugirov won by resignation"]

1. d4 Nf6 2. Bg5 d5 3. e3 c5 4. Bxf6 gxf6 5. dxc5 e6 6. Nf3 Bxc5 7. Be2 Nc6 8. O-O O-O 9. c4 dxc4 10. Qa4 f5 11. Qxc4 Qe7 12. Nc3 a6 13. Rac1 Rd8 14. a3 Bd7 15. Nd5 exd5 16. Qxc5 Qxc5 17. Rxc5 Be6 18.
Rfc1 d4 19. exd4 Nxd4 20. Nxd4 Rxd4 21. Bf3 Rad8 22. g3 Rd2 23. R5c2 b6 24. Kg2 Bb3 25. Rxd2 Rxd2 26. Rc6 b5 27. Rxa6 Rxb2 28. Ra5 Bc4 29.
a4 bxa4 30. Rxa4 Be6 31. Ra5 Kg7 32. h3 h6 33. Ra6 Rd2 34. Ra4 Rb2 35. Rf4 Rd2 36.
Kf1 Rb2 37. Bg2 Rc2 38. Bf3 Rb2 39. Be2 Rb1+ 40. Kg2 Rb2 41. Bd3 Bd5+ 42. Kh2 Rd2 43. Bxf5 Rd1 44. g4 Rh1+ 45. Kg3 Ra1 46. Be4 Ra3+ 47. f3 Bxe4 48. Rxe4 Ra1 49. Re5 Ra4 50.
h4 Ra3 51. Rf5 Ra4 52. Rh5 Ra3 53. g5 hxg5 54. Rxg5+ Kf6 55. Kg4 Ra8 56. Rf5+ Kg6 57. h5+ Kg7 58. Rg5+ Kf6 59. h6 Rh8 60. Kh5 Rh7 61.
Rg8 Ke6 62. Rg7 Rh8 63. h7 Kf6 64. Kh6 Ke7 65. Rg8 1-0

[Event "Early-Titled-Tuesday-Blitz-June-18-2024"]
[Site "Chess.com"]
[Date "2024.06.18"]
[Round "4"]
[White "ural58"]
[Black "RantomOpening"]
[Result "0-1"]
[WhiteElo "2427"]
[BlackElo "2609"]
[TimeControl "180+1"]
[EndTime "8:41:38 PDT"]
[Termination "RantomOpening won on time"]

1. e4 Nf6 2. e5 Nd5 3. d4 d6 4. c4 Nb6 5. f4 Nc6 6. d5 Nb8 7.
Nc3 c6 8. Nf3 cxd5 9. cxd5 g6 10. exd6 Qxd6 11. Qd4 f6 12. Be3 Bg7 13. Nb5 Qd8 14.
Nxa7 Nxd5 15. Nxc8 Nxe3 16. Bb5+ Nc6 17. Bxc6+ bxc6 18. Qxe3 Qa5+ 19. Qd2 Qxd2+ 20. Nxd2 Rxc8 21. Nc4 Kf7 22. O-O-O Rhd8 23. Kc2 Rd5 24. b3 g5 25. fxg5 Rxg5 26.
g3 Bh6 27. Rd7 Rd5 28. Rd1 Ke6 29. Ra7 Rxd1 30. Kxd1 Rd8+ 31. Ke2 Bf8 32. a4 Kd5 33. Rb7 e5 34. a5 Bc5 35. Rxh7 Rb8 36.
Rd7+ Ke6 37. Rd3 e4 38. Rc3 Bd4 39. Rc2 Rxb3 40. Nd2 Ra3 41. Rxc6+ Kd5 42. Rc8 Rxa5 43. Rd8+ Ke6 44. Nxe4 Be5 45. Nf2 Ra2+ 46. Kf3 Bc7 0-1

[Event "Early-Titled-Tuesday-Blitz-June-18-2024"]
[Site "Chess.com"]
[Date "2024.06.18"]
[Round "4"]
[White "annasargsyan_m"]
[Black "Yaacovn"]
[Result "0-1"]
[WhiteElo "2603"]
[BlackElo "2854"]
[TimeControl "180+1"]
[EndTime "8:41:41 PDT"]
[Termination "Yaacovn won on time"]

1. d4 Nf6 2. c4 e5 3. dxe5 Ne4 4. Qd4 Bb4+ 5. Nd2 Nxd2 6. Bxd2 Nc6 7. Qd5 Bxd2+ 8.
Qxd2 Nxe5 9. e3 O-O 10. O-O-O d6 11. Qc2 Qf6 12. f4 Ng4 13. Re1 Re8 14. Qd2 Qe7 15.
e4 Bf5 16. Bd3 Nf6 17. e5 Bxd3 18. Qxd3 dxe5 19. Rxe5 Qd7 20. Qxd7 Nxd7 21. Rxe8+ Rxe8 22. Nf3 Re4 23. b3 Kf8 24. Rd1 Nc5 25. g3 Re2 26. Rd2 Re3 27. Ne5 Ke8 28. Kc2 a5 29. Ng4 Re7 30. Ne5 f6 31. Nf3 Re3 32. Nd4 Ne4 33. Rg2 g6 34. Nb5 c6 35. Nd4 f5 36.
Kb2 Ke7 37. Nc2 Rd3 38. Re2 Kf6 39. Ne1 Rd1 40. Nf3 h6 41. Ne5 g5 42. a3 Rh1 43. b4 axb4 44. axb4 Rf1 45. Nd3 b6 46. b5 c5 47. Kc2 Ra1 48. Kb2 Rh1 49. Kb3 g4 50.
Ra2 h5 51. Ne5 Ke6 52. Nc6 Rf1 53. Ra6 Rf3+ 0-1

[Event "Early-Titled-Tuesday-Blitz-June-18-2024"]
[Site "Chess.com"]
[Date "2024.06.18"]
[Round "4"]
[White "Shuvalov"]
[Black "baki83"]
[Result "1-0"]
[WhiteElo "2611"]
[BlackElo "2818"]
[TimeControl "180+1"]
[EndTime "8:41:41 PDT"]
[Termination "Shuvalov won on time"]

1. d4 d5 2. c4 e6 3. Nf3 Nf6 4. Nc3 a6 5. cxd5 exd5 6. Qb3 c6 7. e4 Be7 8. e5 Nfd7 9. Bd3 Qb6 10. Qc2 Nf8 11. Nxd5 Qa5+ 12. Nc3 Bg4 13. Nd2 Ne6 14. Nb3 Qd8 15. Be3 a5 16. a4 Na6 17. Qd2 Nb4 18.
Be4 f5 19. h3 Bxh3 20. Rxh3 fxe4 21. Nxe4 Qd5 22. Nbc5 Nxc5 23. Nxc5 Qxg2 24. Rg3 Qh1+ 25. Ke2 Qxa1 26. Rxg7 Qa2 27. Bg5 Qc4+ 28. Kf3 Bxc5 29. dxc5 Qd3+ 30. Qxd3 Nxd3 31. Bf6 Kf8 32. Rxb7 Rg8 33.
Rxh7 Rc8 34. Ke3 Nb4 35. Ke4 Nd5 36. Kf5 Ke8 37. Ke6 Nf4+ 38. Kf5 Nd5 39. Ke6 Rc7 40. Rh3 Rd7 41. Rb3 Nc7+ 42. Kf5 Kf7 43. Rb7 Re8 44. f4 Re6 45. b4 axb4 46. a5 Ke8 47. Rb8+ Kf7 48.
Rb7 Re8 49. a6 b3 50. a7 b2 51. Rxb2 1-0

[Event "Early-Titled-Tuesday-Blitz-June-18-2024"]
[Site "Chess.com"]
[Date "2024.06.18"]
[Round "4"]
[White "Defend1r"]
[Black "KnightDuta"]
[Result "0-1"]
[WhiteElo "2547"]
[BlackElo "2750"]
[TimeControl "180+1"]
[EndTime "8:41:41 PDT"]
[Termination "KnightDuta won by resignation"]

1. e4 e5 2. Nf3 Nc6 3. Bc4 Nf6 4. d4 exd4 5. e5 d5 6. Bb5 Ne4 7. Nxd4 Bd7 8. Bxc6 bxc6 9. O-O Bc5 10. f3 Ng5 11.
Be3 Bb6 12. f4 Ne4 13. Nd2 c5 14. N4f3 Nxd2 15. Qxd2 d4 16. Bf2 Bc6 17. c4 Bxf3 18. gxf3 Qd7 19. Qd3 g6 20. Bh4 c6 21. Bf6 Rg8 22.
Kh1 Bd8 23. Bxd8 Rxd8 24. Rg1 Kf8 25. Qa3 Qe7 26. Rae1 Kg7 27. f5 Kh8 28. f6 Qe6 29. Qxc5 g5 30. Rd1 Qf5 31. Rg3 d3 32. Qe3 a5 33.
Rd2 a4 34. Kg2 c5 35. Rg4 h6 36. Qe4 Qe6 37. Rxd3 Rxd3 38. Qxd3 Qxe5 39. b3 a3 40. Qd2 Qb2 41. Qf2 Rd8 42. Kg3 Qe5+ 43. Kh3 Rd3 44. Rg3 Qd6 45. Qe2 Qd7+ 46. Rg4 h5 47. Qe7 hxg4+ 48.
Kg3 Rxf3+ 49. Kg2 Qd2+ 50. Kg1 Qf2+ 0-1

[Event "Early-Titled-Tuesday-Blitz-June-18-2024"]
[Site "Chess.com"]
[Date "2024.06.18"]
[Round "4"]
[White "SujanaLohani"]
[Black "andrzej"]
[Result "0-1"]
[WhiteElo "2254"]
[BlackElo "2481"]
[TimeControl "180+1"]
[EndTime "8:41:41 PDT"]
[Termination "andrzej won by resignation"]

1. e4 e5 2. Nf3 Nf6 3. Nxe5 d6 4. Nf3 Nxe4 5. Nc3 Nxc3 6. dxc3 Be7 7. Bf4 O-O 8. Qd2 Nd7 9. O-O-O Nc5 10. h4 Re8 11.
Bd3 Bf8 12. h5 Nxd3+ 13. Qxd3 h6 14. Rdg1 Qf6 15. Be3 Bg4 16. Nd4 c5 17. Nb5 Rad8 18.
f3 Bf5 19. Qd2 Bd7 20. Nc7 Re5 21. g4 Qe7 22. Nd5 Rxd5 23. Qxd5 Qxe3+ 24. Kb1 Bc6 25. Qb3 d5 26. a4 c4 27. Qa2 d4 28. Qxc4 dxc3 29. g5 Bd5 30. Qc7 Qb6 31. Qxb6 axb6 32.
gxh6 Kh8 33. hxg7+ Bxg7 34. b3 Bxf3 35. Rh3 Be4 36.
h6 Be5 37. Re1 f5 38. Rh5 Rd2 39. Rxe4 fxe4 40. Rxe5 Re2 41. Re7 e3 42. Rxb7 Rd2 43. Re7 e2 44. Ka2 Rxc2+ 45. Ka3 Rd2 46. b4 c2 47. Kb2 Rd1 48. Kxc2 e1=Q 49. Rxe1 Rxe1 50. Kc3 Ra1 51. Kb3 Kh7 52. b5 Kxh6 0-1

[Event "Early-Titled-Tuesday-Blitz-June-18-2024"]
[Site "Chess.com"]
[Date "2024.06.18"]
[Round "4"]
[White "Vladimir_Zakhartsov"]
[Black "NovozhilovSemen"]
[Result "1/2-1/2"]
[WhiteElo "2904"]
[BlackElo "2647"]
[TimeControl "180+1"]
[EndTime "8:41:44 PDT"]
[Termination "Game drawn by repetition"]

1. Nf3 c5 2. e3 Nf6 3. c4 e6 4.
Nc3 Nc6 5. d4 d5 6. a3 a6 7.
dxc5 Bxc5 8. b4 Bd6 9. Bb2 O-O 10. cxd5 exd5 11. Be2 Ne5 12. Nxd5 Nxf3+ 13. Bxf3 Nxd5 14. Bxd5 Be7 15. O-O Bf6 16. Bxf6 Qxf6 17. Qf3 Qxf3 18. Bxf3 Rb8 19. Rac1 Be6 20. Rfd1 b6 21. h4 g6 22. Rd6 a5 23. bxa5 bxa5 24. Ra6 Rb5 25. a4 Re5 26.
Be2 Rd8 27. Bb5 Rd2 28. Rxa5 Rf5 29. Ra8+ Kg7 30. f3 Ra2 31. Bf1 g5 32. e4 Re5 33.
hxg5 Rxg5 34. Ra7 Bh3 35. Rcc7 Bxg2 36. Rxf7+ Kg8 37. Ra8+ Kxf7 38. Bc4+ Kf6 39. Rf8+ Kg7 40. Rf7+ Kg6 41. Bxa2 Bxf3+ 42. Kf2 Bxe4 43. Ke3 Bd5 44. Bxd5 Rxd5 45. Rb7 Ra5 46. Rb6+ Kg7 47. Rb7+ Kg6 48. Rb6+ Kg7 49. Rb7+ Kg6 1/2-1/2

[Event "Early-Titled-Tuesday-Blitz-June-18-2024"]
[Site "Chess.com"]
[Date "2024.06.18"]
[Round "4"]
[White "lagedema"]
[Black "NikolaGry"]
[Result "0-1"]
[WhiteElo "2429"]
[BlackElo "2696"]
[TimeControl "180+1"]
[EndTime "8:41:44 PDT"]
[Termination "NikolaGry won by resignation"]

1. d4 g6 2. Bf4 Bg7 3. Nf3 c5 4. e3 Qb6 5. Nc3 cxd4 6. exd4 Nf6 7. Qd2 O-O 8. Bd3 Nc6 9. d5 Nb4 10.
Bc4 d6 11. a3 Na6 12. Be3 Qc7 13. Bxa6 bxa6 14. O-O Bb7 15. Rfe1 Rfe8 16. Rad1 Bc8 17. h3 Rb8 18. b3 Bd7 19. Bf4 Rbc8 20. Re3 Nh5 21. Ne2 Qxc2 22. Qxc2 Rxc2 23. Ned4 Rc5 24. Bg5 f6 25. Bh4 Rxd5 26. Rde1 e5 27. g4 Nf4 28.
Kh2 Rc8 29. Ne2 g5 30. Bg3 h5 31. gxh5 Nxh5 32. Nc3 Rdc5 33. Ne4 Rd5 34. Nc3 Ra5 35. Ne4 d5 36. Nd6 Rc6 37. b4 Ra4 38. Nb7 Nxg3 39.
fxg3 d4 40. Rd3 Bf5 41. Rd2 Rxa3 42. Nc5 Rxf3 43. Kg2 Rc3 44. g4 Bg6 45. Nd7 Rc2 46. Rxc2 Rxc2+ 47. Kf3 d3 0-1

[Event "Early-Titled-Tuesday-Blitz-June-18-2024"]
[Site "Chess.com"]
[Date "2024.06.18"]
[Round "4"]
[White "Prizant_academy"]
[Black "GMG"]
[Result "1-0"]
[WhiteElo "2983"]
[BlackElo "2725"]
[TimeControl "180+1"]
[EndTime "8:41:46 PDT"]
[Termination "Prizant_academy won on time"]

1. d4 d5 2. c4 e6 3. Nf3 Nf6 4. e3 b6 5. b3 Bb7 6. Bd3 Bb4+ 7. Nbd2 dxc4 8. bxc4 c5 9. O-O cxd4 10.
exd4 O-O 11. Bb2 Nc6 12. Rc1 Rc8 13. Qe2 Na5 14. Rfd1 Ba6 15. Ne5 Bxd2 16. Rxd2 Nd7 17. Ba3 Nxe5 18. dxe5 Re8 19. Bxh7+ Kxh7 20. Rxd8 Rexd8 21.
h3 Nxc4 22. Be7 Rd7 23. Bb4 Rd5 24. Bc3 Nxe5 25. Qxa6 Rdc5 26. Qa3 Nd3 27. Rc2 Nf4 28. Kf1 Nd5 29. Qxa7 b5 30. Qxf7 Nxc3 31. Qxe6 b4 32.
Qg4 Rd5 33. Qh4+ Kg6 34. Kg1 Rd1+ 35. Kh2 Rb8 36. Qg4+ Kh7 37. Qh5+ Kg8 38. Rxc3 bxc3 39. Qxd1 Rc8 40. Qb3+ Kh8 41. Qc2 Kg8 42. a4 Kf7 43. a5 Ke6 44. a6 Kd5 45. a7 Kd4 46. Qa4+ Ke5 47. a8=Q 1-0

[Event "Early-Titled-Tuesday-Blitz-June-18-2024"]
[Site "Chess.com"]
[Date "2024.06.18"]
[Round "4"]
[White "pavelalexandru07"]
[Black "Andrey-Ivanov2011"]
[Result "1-0"]
[WhiteElo "2460"]
[BlackElo "2056"]
[TimeControl "180+1"]
[EndTime "8:41:46 PDT"]
[Termination "pavelalexandru07 won on time"]

1. e4 c5 2. Nf3 d6 3. d4 cxd4 4. Nxd4 Nf6 5. Nc3 a6 6. Bg5 e6 7. f4 Be7 8. Qf3 Qc7 9. O-O-O Nbd7 10. g4 h6 11. Bxf6 Bxf6 12. h4 Nc5 13. g5 Bxd4 14. Rxd4 Bd7 15. Be2 O-O-O 16. Rhd1 Bc6 17. Kb1 Rhe8 18.
Qg3 hxg5 19. hxg5 e5 20. Rc4 Bb5 21. Nxb5 axb5 22. Rb4 exf4 23. Qxf4 d5 24. Qg4+ Kb8 25.
exd5 Qe5 26. Bf3 f5 27. gxf6 gxf6 28. Rxb5 f5 29. Qb4 Na6 30. Rxb7+ Kc8 31. Qb6 Rd7 32.
Rxd7 Kxd7 33. Qxa6 Rb8 34. Qc6+ Ke7 35. d6+ Kf7 36.
Qd5+ Qxd5 37. Bxd5+ Kf6 38. d7 Rd8 39. Bc6 f4 40. Rf1 Kg5 41. a4 Kf5 42. a5 Ke5 43.
a6 Kd6 44. Bb5 Kc7 45. Rxf4 Kb6 46. c4 Ka7 47. b4 Kb6 48. Rf6+ Ka7 49. Re6 Rb8 50. Re8 1-0

[Event "Early-Titled-Tuesday-Blitz-June-18-2024"]
[Site "Chess.com"]
[Date "2024.06.18"]
[Round "4"]
[White "Masterisback04"]
[Black "WilliamAlfaroCaracas"]
[Result "0-1"]
[WhiteElo "2113"]
[BlackElo "2343"]
[TimeControl "180+1"]
[EndTime "8:41:48 PDT"]
[Termination "WilliamAlfaroCaracas won by checkmate"]

1. e4 c5 2. Nf3 d6 3. c3 Nf6 4.
Bd3 Nc6 5. O-O e5 6. Bc2 Be7 7. h3 O-O 8. d4 cxd4 9. cxd4 exd4 10.
Nxd4 d5 11. Nc3 Nxd4 12. Qxd4 dxe4 13. Qxd8 Rxd8 14. Nxe4 Be6 15. Bg5 Rac8 16. Rac1 Bxa2 17. Nxf6+ Bxf6 18. Bxf6 gxf6 19. Be4 Rxc1 20. Rxc1 Rd2 21. Bxb7 Rxb2 22. Rc7 a5 23. Bf3 a4 24. Ra7 Bb3 25.
Be4 Ra2 26. Bc6 Ra1+ 27. Kh2 a3 28. Kg3 a2 29. Ba4 Rb1 30. Bxb3 a1=Q 31. Rxa1 Rxa1 32. Bd5 Kg7 33. Bf3 f5 34. Kf4 Kf6 35. g3 Ra3 36. h4 Ra2 37. Ke3 Ke5 38. Be2 Ra3+ 39. Kd2 f4 40. Ke1 fxg3 41. fxg3 Rxg3 42. h5 Rh3 43.
Kf2 Kf4 44. Bf1 Rh2+ 45. Kg1 Rxh5 46. Kf2 Rh2+ 47. Kg1 Rb2 48. Bg2 Kg3 49. Bf1 Rb1 50. Kh1 Rxf1# 0-1

[Event "Early-Titled-Tuesday-Blitz-June-18-2024"]
[Site "Chess.com"]
[Date "2024.06.18"]
[Round "4"]
[White "kleinebeer98"]
[Black "zimmm36"]
[Result "1-0"]
[WhiteElo "2953"]
[BlackElo "2780"]
[TimeControl "180+1"]
[EndTime "8:41:49 PDT"]
[Termination "kleinebeer98 won by checkmate"]

1. e4 c5 2. Nf3 Nc6 3. Nc3 d6 4. d4 cxd4 5. Nxd4 Nf6 6. Nd5 Nxd5 7. exd5 Qa5+ 8. Bd2 Qxd5 9. Nb5 Qe6+ 10. Be2 Qd7 11. O-O a6 12. Nc3 b5 13. a4 b4 14. Nd5 Rb8 15. a5 e6 16. Nb6 Qc7 17. c3 Bb7 18. cxb4 Nd4 19. Rc1 Bc6 20. Bxa6 Rxb6 21. axb6 Qxb6 22. b5 Nxb5 23. Rxc6 Qxc6 24. Qa4 Na7 25. Qxc6+ Nxc6 26. Bb5 Kd7 27. Rc1 d5 28. Rxc6 Bd6 29. Bc3 Ke7 30. Rb6 e5 31. Rb7+ Ke6 32.
Bd7+ Kf6 33. f4 d4 34. fxe5+ Bxe5 35. Bd2 Ra8 36. Kf2 Ra1 37. Bb5 Bxh2 38. Bc4 Bg1+ 39.
Ke2 Kg6 40. Bd3+ Kf6 41. Bc4 Kg6 42. Bxf7+ Kf5 43. Bc4 g5 44. Bd3+ Kg4 45. Rxh7 Kg3 46. Rg7 g4 47. Bf5 Kxg2 48. Rxg4+ Kh1 49. Bf4 d3+ 50.
Bxd3 Ra4 51. Kf3 Bh2 52. Bxh2 Kxh2 53. Rxa4 Kg1 54. Bf1 Kh2 55. Rh4+ Kg1 56. Rh3 Kxf1 57. Rh1# 1-0

[Event "Early-Titled-Tuesday-Blitz-June-18-2024"]
[Site "Chess.com"]
[Date "2024.06.18"]
[Round "4"]
[White "doublesik"]
[Black "monomita"]
[Result "1-0"]
[WhiteElo "2577"]
[BlackElo "2779"]
[TimeControl "180+1"]
[EndTime "8:41:49 PDT"]
[Termination "doublesik won by resignation"]

1. d4 e6 2. c4 Nf6 3. Nf3 d5 4. Nc3 c6 5. cxd5 exd5 6. Qc2 g6 7. Bg5 Be7 8. e3 O-O 9. Bd3 Nh5 10. Bxe7 Qxe7 11. O-O Nd7 12. Rab1 a5 13. a3 b5 14.
Ne2 Bb7 15. Rfe1 b4 16. e4 dxe4 17. Bxe4 Qd6 18. Ng3 Nhf6 19. h4 Rfe8 20. h5 Nf8 21.
Qb3 Qe6 22. Qd3 Qg4 23. Ne5 Qf4 24. Bxc6 Bxc6 25. Nxc6 bxa3 26. bxa3 Ne6 27. d5 Qd6 28. Rbd1 Nf4 29. Rxe8+ Rxe8 30. Qc4 N6xd5 31. hxg6 hxg6 32. Nxa5 Qxa3 33. Rxd5 Qa1+ 34. Kh2 Nxd5 35. Qxd5 Kg7 36. Nb3 Rh8+ 37. Nh5+ Rxh5+ 38. Qxh5 Qb2 39. Qd5 Qxf2 40. Qd4+ Qf6 41. Qxf6+ Kxf6 42. Kg3 Ke5 43. Nc5 f5 44. Nd3+ Ke4 45. Nf2+ Ke5 46. Nh3 Ke4 47. Kh4 Ke3 48.
Kg5 Ke2 49. Kxg6 Kf1 50. Nf4 1-0

[Event "Early-Titled-Tuesday-Blitz-June-18-2024"]
[Site "Chess.com"]
[Date "2024.06.18"]
[Round "4"]
[White "only_strong_moves"]
[Black "SicilianPanzer"]
[Result "1-0"]
[WhiteElo "2658"]
[BlackElo "2346"]
[TimeControl "180+1"]
[EndTime "8:41:49 PDT"]
[Termination "only_strong_moves won on time"]

1. Nc3 Nf6 2. e4 e5 3. f4 d5 4. fxe5 Nxe4 5. Qf3 f5 6. d3 Nxc3 7. bxc3 d4 8. Ne2 Nc6 9. cxd4 Nxd4 10. Nxd4 Qxd4 11.
Rb1 Qxe5+ 12. Be2 Bd6 13. Bb2 Qa5+ 14. Kd1 O-O 15. a3 Bd7 16. Qh5 Bc6 17. Bf3 Rae8 18. Rf1 Bf4 19. Bc1 Bxc1 20. Rxc1 Bxf3+ 21. Qxf3 Qxa3 22.
Qxb7 Qd6 23. Qxa7 Qxh2 24. Qf2 Qe5 25. Kd2 Qa5+ 26. c3 Rb8 27. Rc2 Qa3 28. Qd4 Kh8 29. Qc4 Rbd8 30. Ra2 Qd6 31. Ra6 Qg3 32. Re1 Qxg2+ 33.
Re2 Qg5+ 34. Kc2 Qg4 35. Qe6 Qf3 36. Rd2 f4 37. Ra5 Rfe8 38. Qf7 Re2 39. Qf5 Qe3 40. Rxe2 Qxe2+ 41. Kb3 f3 42. Rd5 Re8 43. Qf7 f2 44. Rd7 Qe7 45. Rxe7 Rb8+ 46. Kc4 Rg8 47. Qxf2 1-0

[Event "Early-Titled-Tuesday-Blitz-June-18-2024"]
[Site "Chess.com"]
[Date "2024.06.18"]
[Round "4"]
[White "Chessgod9oninsta"]
[Black "Barboval"]
[Result "1-0"]
[WhiteElo "2765"]
[BlackElo "2529"]
[TimeControl "180+1"]
[EndTime "8:41:49 PDT"]
[Termination "Chessgod9oninsta won by checkmate"]

1. d4 Nf6 2. Bf4 d6 3. e3 Nbd7 4. c3 e5 5. Bg3 c6 6. Nf3 Qc7 7. Be2 g6 8. O-O Bg7 9. Nbd2 O-O 10. h3 Nh5 11. Bh2 f5 12. dxe5 dxe5 13. Ng5 Qd6 14. Bc4+ Kh8 15. Nf7+ Rxf7 16. Bxf7 Qe7 17.
Bb3 Nc5 18. Nc4 Nxb3 19. axb3 Be6 20. Nxe5 Rd8 21. Qc2 a6 22. c4 Qg5 23. Rad1 Rf8 24. Rd6 Bc8 25. Nf3 Qe7 26. Rfd1 f4 27. exf4 Nxf4 28.
Bxf4 Rxf4 29. Rd8+ Rf8 30. Rxf8+ Qxf8 31. Qd2 Bf6 32.
Qf4 Kg7 33. Ng5 Qe7 34. Nf3 Bf5 35. Re1 Qd7 36. Ne5 Qd6 37. g4 Bc2 38. Re3 g5 39. Qg3 b5 40. cxb5 cxb5 41. Nf3 Qc6 42. h4 h6 43. hxg5 hxg5 44. Nxg5 Bxg5 45. Rc3 Qg6 46. Qc7+ Kh6 47. Rxc2 Bf6 48. Qh2+ Kg7 49. Rc7+ Kg8 50. Qf4 Qb1+ 51. Kh2 Qg6 52. Rc6 Qh7+ 53. Kg2 Bg7 54. Rc8+ Bf8 55. Qxf8# 1-0

[Event "Early-Titled-Tuesday-Blitz-June-18-2024"]
[Site "Chess.com"]
[Date "2024.06.18"]
[Round "4"]
[White "IngOscarArdila"]
[Black "jaskol95"]
[Result "0-1"]
[WhiteElo "2413"]
[BlackElo "2608"]
[TimeControl "180+1"]
[EndTime "8:41:49 PDT"]
[Termination "jaskol95 won by resignation"]

1. d4 d5 2. c4 e5 3. dxe5 d4 4.
Nf3 Nc6 5. g3 Nge7 6. Bg2 Ng6 7.
O-O Be6 8. Nbd2 Ngxe5 9. Nxe5 Nxe5 10. Qc2 c6 11. b3 Bc5 12. Bb2 O-O 13. Ne4 Be7 14.
Rad1 c5 15. Nd2 Nc6 16. a3 Bf6 17. Ne4 Bf5 18. Nxf6+ Qxf6 19. Qd2 Rad8 20. Bd5 Bh3 21. Bg2 Bxg2 22. Kxg2 Rfe8 23. Rfe1 Qg6 24. Kg1 Ne5 25.
b4 Nxc4 26. Qc1 Nxb2 27. Qxb2 b6 28. bxc5 bxc5 29. Rc1 Re5 30. Qb7 h5 31. Qxa7 Rdd5 32. Qb8+ Kh7 33. a4 h4 34. Qc8 Qh5 35. a5 Rxe2 36. Rxe2 Qxe2 37. Rxc5 Qe1+ 38. Kg2 Qe4+ 39. Kg1 Rxc5 40. Qxc5 d3 41. Qh5+ Kg8 42. a6 h3 43.
Qxh3 d2 44. Qc8+ Kh7 45. Qh3+ Kg6 46. Qf1 Qe1 47. a7 Qxf1+ 48. Kxf1 d1=Q+ 49. Kg2 Qd5+ 50. f3 Qa8 0-1

[Event "Early-Titled-Tuesday-Blitz-June-18-2024"]
[Site "Chess.com"]
[Date "2024.06.18"]
[Round "4"]
[White "GMAneta"]
[Black "simplerXiao"]
[Result "1/2-1/2"]
[WhiteElo "2363"]
[BlackElo "2527"]
[TimeControl "180+1"]
[EndTime "8:41:49 PDT"]
[Termination "Game drawn - insufficient material"]

1. Nf3 d5 2. c4 d4 3. g3 g6 4.
Bg2 Bg7 5. O-O Nf6 6. d3 O-O 7. b4 a5 8. b5 c5 9. bxc6 Nxc6 10. Nbd2 e5 11. Ba3 Re8 12. Ng5 Bf5 13. Rb1 Qd7 14. Nge4 Nxe4 15. Nxe4 Bxe4 16. Bxe4 f5 17. Bd5+ Kh8 18.
Qb3 Rab8 19. Rb2 e4 20. Rfb1 f4 21. dxe4 fxg3 22. hxg3 Ne5 23. Qd1 Qh3 24. Qf1 Qh5 25. Rxb7 Rxb7 26. Rxb7 d3 27. exd3 Nf3+ 28. Kg2 Nd2 29.
Qe1 Qf3+ 30. Kg1 Qxd3 31. Qe3 Qc2 32. e5 Qd1+ 33. Kg2 Qf1+ 34. Kh2 Nxc4 35. Bxc4 Qxc4 36. e6 Qxa2 37. e7 Qf7 38. Ra7 Qd5 39. Qf4 Kg8 40.
Bd6 g5 41. Qa4 Kf7 42. Ba3 Qf3 43.
Bc5 h5 44. Qc4+ Kg6 45. Qe6+ Qf6 46. Ra6 Qxe6 47. Rxe6+ Kf5 48. Ra6 Bc3 49. Ba3 h4 50. Kg2 hxg3 51. Kxg3 Be5+ 52. Kg2 Bc3 53. Rc6 Bb4 54.
Bxb4 axb4 55. Rb6 Rxe7 56. Rxb4 Re4 57. Rxe4 Kxe4 58. Kg3 Kf5 59. f3 Kf6 60. Kg4 Kg6 61. f4 gxf4 62. Kxf4 1/2-1/2

[Event "Early-Titled-Tuesday-Blitz-June-18-2024"]
[Site "Chess.com"]
[Date "2024.06.18"]
[Round "4"]
[White "nihalsarin"]
[Black "superchess02"]
[Result "1-0"]
[WhiteElo "3183"]
[BlackElo "2881"]
[TimeControl "180+1"]
[EndTime "8:41:50 PDT"]
[Termination "nihalsarin won on time"]

1. d4 Nf6 2. Nf3 c5 3. d5 b5 4. e4 Nxe4 5. Bd3 Nf6 6. Bxb5 Bb7 7. Nc3 g6 8. O-O Bg7 9. Re1 O-O 10. Bg5 d6 11. Qd2 Nbd7 12. a4 a6 13. Bc6 Rb8 14. a5 Ba8 15. b3 Rc8 16. Bxa8 Rxa8 17. Re2 Re8 18. h3 Rb8 19. Qd3 h6 20. Bd2 c4 21.
Qxc4 Rc8 22. Qxa6 Nc5 23. Qb5 Nxd5 24. Nxd5 Bxa1 25. b4 Ne6 26. c3 Nc7 27. Nxc7 Qxc7 28. Re1 Bxc3 29. Rc1 Qc4 30. Qxc4 Rxc4 31. Bxc3 Rec8 32.
b5 Rxc3 33. Rxc3 Rxc3 34. b6 Rb3 35. Nd4 Rb1+ 36. Kh2 Kf8 37. Nc2 Ke8 38. Na3 Rb4 39.
Nc4 Kd7 40. a6 Kc6 41. b7 Kc7 42. Na5 Ra4 43. a7 1-0

[Event "Early-Titled-Tuesday-Blitz-June-18-2024"]
[Site "Chess.com"]
[Date "2024.06.18"]
[Round "4"]
[White "KNVB"]
[Black "Muracle"]
[Result "1-0"]
[WhiteElo "2810"]
[BlackElo "2578"]
[TimeControl "180+1"]
[EndTime "8:41:50 PDT"]
[Termination "KNVB won on time"]

1. d4 Nf6 2. Bf4 d5 3. e3 c5 4. c3 Nc6 5. Nd2 Bf5 6. Qb3 Qd7 7. Ngf3 c4 8. Qd1 e6 9. Nh4 Bg4 10. Be2 Bxe2 11. Qxe2 h6 12. Nhf3 Bd6 13. O-O O-O 14.
Bxd6 Qxd6 15. e4 dxe4 16. Nxe4 Nxe4 17. Qxe4 Qd5 18. Qxd5 exd5 19. a4 Rfe8 20. Rfe1 f6 21. Kf1 Kf7 22. a5 a6 23. Rxe8 Rxe8 24. Ne1 Ke6 25.
Nc2 Kd6 26. Ne3 g6 27. h4 f5 28. g3 Re4 29. h5 gxh5 30. Nxf5+ Ke6 31. Ng7+ Kd6 32. Nxh5 Re8 33. Nf6 Re6 34. Ng4 Rg6 35. Ne3 Rf6 36. Ke2 Re6 37. f4 Ne7 38. Kf3 Rg6 39.
Rh1 Ke6 40. Rh5 Kd6 41. g4 Kc6 42. Re5 Kd6 43. Kg3 Rf6 44. Rxe7 Kxe7 45. Nxd5+ Ke6 46.
Nxf6 Kxf6 47. Kf3 Ke6 48. Ke4 Kd6 49. d5 Kc5 50. Ke5 1-0

[Event "Early-Titled-Tuesday-Blitz-June-18-2024"]
[Site "Chess.com"]
[Date "2024.06.18"]
[Round "4"]
[White "Chernov_Alexander_A"]
[Black "Nozdrachev_Leonid"]
[Result "0-1"]
[WhiteElo "2290"]
[BlackElo "2567"]
[TimeControl "180+1"]
[EndTime "8:41:50 PDT"]
[Termination "Nozdrachev_Leonid won on time"]

1. d4 Nf6 2. Nc3 e6 3. e4 d5 4. Bg5 dxe4 5. Nxe4 Be7 6. Bxf6 Bxf6 7. Nf3 O-O 8. Bc4 c5 9. Nxc5 b5 10. Bb3 Nc6 11. c3 b4 12. O-O bxc3 13. bxc3 a5 14. Re1 Ba6 15. Nxa6 Rxa6 16. Qd3 Qa8 17. Rad1 a4 18.
Bc2 g6 19. h4 Ne7 20. h5 Nf5 21. hxg6 hxg6 22. Ne5 Bxe5 23. Rxe5 Rb6 24. Qh3 Rb2 25. Be4 Qc8 26. d5 Qc7 27. f4 Qb6+ 28. Kh1 Kg7 29. Bxf5 Rh8 30. Qxh8+ Kxh8 31. dxe6 Qf2 32. Bh3 Qxf4 33.
exf7 Kg7 34. Re7 Rxa2 35. Ra7 Rd2 36. Ra1 a3 37. R7xa3 Kxf7 38. c4 Kg7 39. Rf3 Qxc4 40.
Raf1 Kh6 41. Rf8 Rd5 42. R8f4 Rd4 43. Rf7 Qd5 44. R7f3 Rd2 45. Rf8 Rd3 46. Bg4 Rg3 0-1

[Event "Early-Titled-Tuesday-Blitz-June-18-2024"]
[Site "Chess.com"]
[Date "2024.06.18"]
[Round "4"]
[White "AttilaTurzo"]
[Black "Boundless_Strike"]
[Result "0-1"]
[WhiteElo "2424"]
[BlackElo "2656"]
[TimeControl "180+1"]
[EndTime "8:41:50 PDT"]
[Termination "Boundless_Strike won on time"]

1. d4 e5 2. dxe5 d6 3. Nc3 Nc6 4. e4 a6 5. Be2 Bd7 6. exd6 Bxd6 7. Nf3 Qe7 8. O-O O-O-O 9. Bd3 Nf6 10. Nd5 Nxd5 11. exd5 Ne5 12. Be2 g5 13. Be3 g4 14.
Nxe5 Qxe5 15. g3 Rhe8 16. Bxg4 h5 17. Bf4 Bxg4 18. Bxe5 Bxd1 19. Bxd6 Be2 20. Bf4 Bxf1 21. Kxf1 Rxd5 22. Be3 Re4 23. Ke2 h4 24. Kf3 f5 25.
Rc1 Rd8 26. b3 b5 27. Rg1 Rg8 28. Rh1 Kb7 29. Rd1 hxg3 30. hxg3 Kc6 31. Rd3 Rg7 32. Rc3+ Kb7 33. Rc5 Rf7 34. Rd5 c6 35. Rd6 Kc7 36.
Rg6 Kd7 37. Rg8 Re6 38. Ra8 c5 39. Ra7+ Ke8 40. Ra8+ Ke7 41. Bxc5+ Kf6 42. Bd4+ Kg6 43.
Rg8+ Kh7 44. Rh8+ Kg6 45. Rg8+ Kh6 46. Rh8+ Rh7 47. Rf8 Rd6 0-1

[Event "Early-Titled-Tuesday-Blitz-June-18-2024"]
[Site "Chess.com"]
[Date "2024.06.18"]
[Round "4"]
[White "Javokhir_Sindarov05"]
[Black "VerdeNotte"]
[Result "1/2-1/2"]
[WhiteElo "3055"]
[BlackElo "2853"]
[TimeControl "180+1"]
[EndTime "8:41:51 PDT"]
[Termination "Game drawn by agreement"]

1. e4 e5 2. Nf3 Nc6 3. Bc4 Nf6 4.
d3 Bc5 5. Nc3 d6 6. Na4 Bb6 7.
a3 Be6 8. Bxe6 fxe6 9. O-O O-O 10. b4 Qe8 11. c3 Nh5 12. g3 Nf6 13. Kg2 Kh8 14. Ra2 Rd8 15. Nxb6 axb6 16. a4 d5 17. Qe2 Qh5 18. h3 dxe4 19. dxe4 Ra8 20. Re1 Ne8 21. b5 Na5 22. Ng5 Qxe2 23. Rexe2 h6 24. Ba3 Rf6 25.
Nf3 Nc4 26. Bb4 c5 27. bxc6 bxc6 28. a5 bxa5 29. Ra4 Nb6 30. Rxa5 Rxa5 31. Bxa5 Nc4 32.
Bb4 Rf7 33. Ra2 Nf6 34. Re2 Rd7 35. Re1 g5 36. Bc5 Kg7 37. Nh2 h5 38. Nf3 g4 39.
hxg4 hxg4 40. Ng5 Rd3 41. Bb4 Nd7 42. Nxe6+ Kf6 43. Nc5 Nxc5 44. Bxc5 Rxc3 45. Rh1 Nd2 46. Rh6+ Kg7 47. Rxc6 Nxe4 48. Rc7+ Kg6 49. Bb6 Rxc7 50.
Bxc7 Kf5 51. f3 1/2-1/2